 Dungeon Crawl Stone Soup version 0.28-a0-909-g796cbd3a86 (webtiles) character file.

Game seed: 8529594976268796358

109 ytrimaz the Conjurer (level 4, -2/30 HPs)
             Began as a Demonspawn Conjurer on Nov 24, 2021.
             Was a Follower of Vehumet.
             Killed by divine providence
             ... invoked by an orc priest
              (14 damage)
             ... on level 3 of the Dungeon.
             The game lasted 00:03:48 (3223 turns).

ytrimaz the Conjurer (Demonspawn Conjurer)          Turns: 3223, Time: 00:03:48

Health: -2/30      AC:  2    Str:  7    XL:     4   Next: 60%
Magic:  7/7        EV: 12    Int: 20    God:    Vehumet [*.....]
Gold:   91         SH:  0    Dex: 12    Spells: 5/8 levels left

rFire   . . .      SeeInvis .   l - +0 dagger (flame)
rCold   . . .      Faith    .   (no shield)
rNeg    . . .      Spirit   .   a - +0 robe
rPois   .          Reflect  .   (helmet restricted)
rElec   .          Harm     .   (no cloak)
rCorr   .          Rampage  .   (no gloves)
Will    .....                   (no boots)
Stlth   ++........              (no amulet)
HPRegen 0.10/turn               (no ring)
MPRegen 0.10/turn               (no ring)

@: no status effects
A: antennae 2, powered by pain 1
a: Renounce Religion


You were on level 3 of the Dungeon.
You worshipped Vehumet.
Vehumet was aware of your devotion.
You visited 1 branch of the dungeon, and saw 3 of its levels.

You collected 91 gold pieces.

Inventory:

Hand Weapons
 l - a +0 dagger of flaming (weapon)
Missiles
 f - a throwing net
Armour
 a - a +0 robe (worn)
Scrolls
 e - 2 scrolls of blinking
 h - 3 scrolls of enchant weapon
 i - a scroll of amnesia
Potions
 b - a potion of mutation {unknown}
 c - a potion of magic
 d - 2 potions of heal wounds {unknown}
 g - a potion of resistance {unknown}
 j - a potion of cancellation {unknown}
 k - a potion of degeneration {unknown}


   Skills:
 + Level 2.2 Dodging
 - Level 1.7 Stealth
 + Level 2.5 Spellcasting
 * Level 5.5 Conjurations


You had 5 spell levels left.
You knew the following spells:

 Your Spells              Type           Power      Damage    Failure   Level
a - Magic Dart            Conj           96%        1d7       1%          1
b - Searing Ray           Conj           48%        2d6       2%          2

Your spell library contained the following spells:

 Spells                   Type           Power      Damage    Failure   Level
 Sandblast                Erth           4%         2d4       16%         1
 Dazzling Flash           Conj/Hex       26%        N/A       14%         3
 Summon Small Mammal      Summ           8%         N/A       16%         1
 Call Canine Familiar     Summ           2%         N/A       41%         3
 Summon Guardian Golem    Hex/Summ       2%         N/A       41%         3
 Fulminant Prism          Conj/Hex       6%         3d7       43%         4
 Iskenderun's Mystic Bla  Conj/Tloc      13%        2d5       43%         4


Dungeon Overview and Level Annotations

Branches:
Dungeon (3/15)

Altars:
Kikubaaqudgha
Vehumet

Annotations:
D:3 Grinder


Innate Abilities, Weirdness & Mutations

You have a pair of antennae on your head.
You sometimes gain a little power by taking damage.


Message History

You hit the orc wizard. You burn the orc wizard.
The orc wizard is almost dead.
The orc wizard hits you with a +0 dagger.
You closely miss the orc wizard.
The orc wizard is almost dead.
The orc wizard misses you.
You closely miss the orc wizard.
The orc wizard is almost dead.
The orc wizard barely misses you.
You hit the orc wizard but do no damage.
The orc wizard is almost dead.
The orc wizard hits you with a +0 dagger.
Casting: Magic Dart (safe; 1% risk of failure)
Confirm with . or Enter, or press ? or * to list all spells.
Aiming: Magic Dart (safe; 1% risk of failure)
Press: ? - help, Shift-Dir - straight line, f - orc wizard
Aim: an orc wizard, wielding a +0 dagger and wearing a +0 robe (almost dead, 100% to hit)
The magic dart hits the orc wizard.
You kill the orc wizard!
Vehumet accepts your kill.
You start resting.
An orc comes into view. It is wielding a +0 dagger.
Unknown command.
You climb upwards.
There is a stone staircase leading down here.
HP restored.
Magic restored.
There is a stone staircase leading up here.
Things that are here:
a +0 leather armour; a +0 club; an orc skeleton Partly explored, can't reach some places.
There is a stone staircase leading down here.
You climb downwards.
Level annotation: Grinder The orc warrior shouts!
Grinder shouts!
The orc warrior hits you with a +0 battleaxe!!
Ouch! That really hurt!
The orc priest mumbles some strange prayers to Beogh against you.
Beogh smites you!
You die...

#..>......##.........
#.######..##.........
#..........#.o.......
##.########.#.........
#.....................
#..........#....(.....
#.o........#.#########
#+#.....#.##.#.#
.......@.....#.#
###.##.o######.#
.......5# ...
######..# ... #...
.... ...... ......
#......+


You could see Grinder, an orc warrior and an orc priest.

Vanquished Creatures
  An orc wizard (D:3)
  2 adders (D:2)
  A worm (D:2)
  2 dart slugs
  4 orcs
  6 ball pythons
  7 bats
  6 endoplasms
  5 giant cockroaches
  3 goblins
  2 hobgoblins
  2 quokkas (D:2)
  3 frilled lizards (D:1)
  2 kobolds
  7 rats
53 creatures vanquished.

Notes
Turn   | Place    | Note
-------+----------+-------------------------------------------
     0 | D:1      | ytrimaz the Demonspawn Conjurer began the quest for the
                  | Orb.
     0 | D:1      | Reached XP level 1. HP: 13/13 MP: 3/3
   336 | D:1      | Gained mutation: You have a pair of small antennae on your
                  | head. [demonic ancestry]
   336 | D:1      | Reached XP level 2. HP: 19/19 MP: 0/5
   904 | D:1      | Found a faded altar of an unknown god.
   950 | D:1      | You fall into a shaft and drop 1 floor!
   952 | D:2      | Found a radiant altar of Vehumet.
   964 | D:2      | Became a worshipper of Vehumet
  1151 | D:2      | Reached skill level 5 in Conjurations
  1151 | D:2      | Gained mutation: You have a pair of antennae on your head.
                  | [demonic ancestry]
  1151 | D:2      | Reached XP level 3. HP: 24/24 MP: 0/6
  1942 | D:1      | Learned a level 2 spell: Searing Ray
  2255 | D:2      | Gained mutation: You sometimes gain a little power by
                  | taking damage. [demonic ancestry]
  2255 | D:2      | Reached XP level 4. HP: 30/30 MP: 4/7
  2571 | D:3      | Noticed Grinder
  2573 | D:3      | Noticed an orc warrior
  2832 | D:3      | Found an ancient bone altar of Kikubaaqudgha.
  2834 | D:3      | Reached * piety under Vehumet
  2834 | D:3      | Offered knowledge of Sandblast by Vehumet.
  3223 | D:3      | Killed from afar by an orc priest

Illustrated notes

Levels and vault maps discovered:
D:1:      erik_arrival_cave_to_civilisation [erik_arrival_cave_to_hall],
          layout_basic, hellmonk_ecumenical_altar_run_dry
D:2:      layout_loops_ring, basic_altar, st_stairs_9, minmay_heptomino_h4,
          uniq_crazy_yiuf_cottage
D:3:      minmay_general_purpose_star, layout_basic,
          nicolae_dithmenos_the_darkroom, mainiacjoe_overflow_surrounded_room,
          grunt_temple_overflow_open, serial_curves, eino_curves_02,
          eino_curves_01, uniq_grinder, uniq_sigmund

Skill      XL: |  1  2  3 |
---------------+----------+-----
Conjurations   | 5 |  5.5
Dodging        | 2 |  2.2
Stealth        | |  1.7
Spellcasting   | |  2.5

Action                   |  1- 3 |  4- 6 || total
-------------------------+-------+-------++-------
Melee: Unarmed           |    30 |       ||    30
       Dagger            |       |     9 ||     9
 Cast: Magic Dart        |    85 |    27 ||   112
       Searing Ray       |     1 |     1 ||     2
  Use: Scroll            |     5 |       ||     5
Armor: Robe              |     8 |     1 ||     9
Dodge: Dodged            |    41 |    13 ||    54

Table legend: (Time is in decaauts)
 A = Elapsed time spent in this place.
 B = Non-inter-level travel time spent in this place.
 C = Inter-level travel time spent in this place.
 D = Time resting spent in this place.
 E = Time spent auto-exploring this place.
 F = Levels seen in this place.
 G = Mean time per level.
                   A        B        C        D        E       F      G
               +--------+--------+--------+--------+--------+-----+--------+
         Total |   3228 |   3046 |    182 |    474 |   2141 |   3 | 1076.0 |
       Dungeon |   3228 |   3046 |    182 |    474 |   2141 |   3 | 1076.0 |
               +--------+--------+--------+--------+--------+-----+--------+

Top non-repeatable levels by time:
     D:2: 1823 daAuts
     D:1: 1258 daAuts
     D:3: 146 daAuts
